Rangers vs Oilers

Created - 4 février 2016 at 19:01

Goals
1 2 3 T
Rangers 0 4 0 4
Oilers 0 1 2 3
Shots
1 2 3 T
Rangers 7 24 7 38
Oilers 4 10 12 26

1st period

No Goal

Penalties :
Patrick Kaleta (Edm) for High sticking (Minor) at 3:01, Mike Cammalleri (NYR) for Holding (Minor) at 12:34, Mark Fistric (NYR) for Slashing (Minor) at 17:53

2nd period

1. Rangers , Drew Stafford 13 (Patrice Bergeron) at 1:51 (PP)
2. Rangers , Valtteri Filppula 7 (Jakob Silfverberg, Bryan Young) at 3:52
3. Rangers , Valtteri Filppula 8 (Jakob Silfverberg, Ryan Whitney) at 7:09
4. Rangers , Valtteri Filppula 9 (Brad Richards) at 10:00 (SH)
5. Oilers , Ted Purcell 12 (Paul Stastny, Jonathan Toews) at 17:50

Penalties :
Wayne Simmonds (Edm) for Hooking (Minor) at 1:46, Danny Richmond (Edm) for Tripping (Minor) at 4:15, Milan Lucic (NYR) for Interference (Minor) at 8:30, Brad Richards (NYR) for Tripping (Minor) at 10:21

3rd period

6. Oilers , Jonathan Toews 17 (Patrick Kane) at 9:37
7. Oilers , Tomas Fleischmann 13 (Paul Stastny) at 12:27

Penalties :
Oleg Saprykin (Edm) for Tripping (Minor) at 1:35

Goalie Stats

Hannu Toivonen (NYR), 23 saves from 26 shots - (0,885), W, 9-6-0, 60:00 minutes
Cam Ward (Edm), 34 saves from 38 shots - (0,895), L, 17-16-3, 59:04 minutes

Players Stats for Rangers

Player Name              G  A  P  +/- PIM S  H  SB GA TA FO     MP     PP MP  PK MP  
------------------------------------------------------------------------------------
Alexei Emelin            0  0  0  -1  0   0  0  0  0  0  0/0    10:44   0:00   0:40 
Brad Richards            0  1  1  -1  2   1  0  0  0  0  11/26  23:52   2:51   3:51 
Bryan Young              0  1  1  -1  0   1  0  0  0  0  0/0    10:44   0:00   0:46 
Cam Barker               0  0  0   0  0   6  1  0  2  1  0/0    26:52   3:39   4:47 
Chris Bourque            0  0  0   0  0   1  1  0  0  0  0/1    15:09   0:00   1:39 
Drew Stafford            1  0  1   0  0   3  1  1  0  0  1/3    15:37   3:11   0:00 
Igor Radulov             0  0  0   2  0   1  0  0  0  0  0/0     6:08   0:00   0:00 
Jakob Silfverberg        0  2  2   2  0   1  1  0  0  2  0/1     6:08   0:00   0:00 
Johan Franzen            0  0  0  -2  0   2  1  0  1  1  1/1    18:15   2:51   1:34 
Mark Fistric             0  0  0   0  2   5  0  4  0  0  0/0    25:55   3:39   3:45 
Matt Greene              0  0  0   1  0   0  1  1  0  1  0/0    22:40   2:23   2:37 
Matt Read                0  0  0  -1  0   0  1  0  0  2  0/0    10:20   0:00   0:00 
Mike Cammalleri          0  0  0   0  2   1  3  0  0  0  0/0    15:39   3:11   0:00 
Milan Lucic              0  0  0  -2  2   4  2  0  2  0  2/2    19:54   2:51   3:11 
Patrice Bergeron         0  1  1  -1  0   2  0  0  0  1  10/16  17:29   3:11   1:54 
Radek Bonk               0  0  0  -1  0   0  3  0  0  0  0/1     9:36   0:00   0:00 
Ryan Whitney             0  1  1   1  0   4  0  0  2  1  0/0    23:10   2:23   3:01 
Valtteri Filppula        3  0  3   3  0   6  0  0  0  0  8/14   13:48   0:00   3:18 

Players Stats for Oilers

Player Name              G  A  P  +/- PIM S  H  SB GA TA FO     MP     PP MP  PK MP  
------------------------------------------------------------------------------------
Brett Lebda              0  0  0   1  0   0  0  0  0  0  0/0    10:42   0:00   0:46 
Brian Sutherby           0  0  0  -2  0   0  0  0  0  0  2/4     4:34   0:00   0:00 
Danny Richmond           0  0  0   0  2   2  2  2  1  0  0/0    26:23   4:52   2:22 
David Hale               0  0  0   1  0   0  0  0  0  0  0/0     9:56   0:00   0:00 
Ian White                0  0  0   0  0   1  3  2  0  1  0/0    29:40   4:52   3:47 
Ilya Kovalchuk           0  0  0  -2  0   2  2  1  2  1  3/5    26:41   4:33   2:59 
Jonathan Toews           1  1  2   0  0   1  1  1  0  0  17/41  21:37   4:40   1:51 
Kurt Sauer               0  0  0  -1  0   1  0  1  1  1  0/0    20:24   2:56   2:15 
Oleg Saprykin            0  0  0   0  2   0  2  0  1  1  0/0    14:29   0:07   0:15 
Patrick Kaleta           0  0  0   0  2   2  2  0  1  0  0/0    13:55   0:00   0:00 
Patrick Kane             0  1  1   0  0   5  0  0  1  0  1/1    22:48   4:40   3:25 
Paul Stastny             0  2  2   2  0   2  0  0  0  0  5/8    15:43   3:08   0:00 
Peter Regin              0  0  0   0  0   3  1  0  2  0  0/1    15:25   0:00   1:37 
Rob Scuderi              0  0  0  -1  0   0  0  1  0  1  0/0    20:24   2:56   2:15 
Ted Purcell              1  0  1   2  0   3  1  0  0  1  1/1    17:50   3:08   1:42 
Tomas Fleischmann        1  0  1   2  0   2  2  1  0  1  3/4    15:56   3:08   0:15 
Wayne Simmonds           0  0  0  -2  2   2  0  1  0  0  0/0     4:33   0:00   0:00 
Zach Bogosian            0  0  0   0  0   0  0  0  0  0  0/0     2:54   0:00   0:39 

3 Stars

1 - Valtteri Filppula (NYR)
2 - Tomas Fleischmann (Edm)
3 - Jonathan Toews (Edm)

Power Play

Rangers - 1 on 4 Attempt(s) - 25,00%
Oilers - 0 on 4 Attempt(s) - 0,00%

Penalty Kill

Rangers - 4 on 4 Attempt(s) - 100,00% - Score 1 goal in Penalty Kill
Oilers - 3 on 4 Attempt(s) - 75,00% - Score 0 goal in Penalty Kill

Team Stat

Rangers - Hits : 15 - Faceoff Wins : 33 - Blocked Shots : 6 - Penalty Minutes : 8
Oilers - Hits : 16 - Faceoff Wins : 32 - Blocked Shots : 10 - Penalty Minutes : 8

Official

Referees : Leggo Mike and StPierre Justin
Linesman : Don Henderson and Darren Gibbs

Game Notes

Valtteri Filppula has scored a Hat Trick!

Finance

Level 1 -- Attendance: 5410 (90,17%) -- Ticket Income 465 260 $
Level 2 -- Attendance: 4522 (90,44%) -- Ticket Income 235 144 $
Level 3 -- Attendance: 1894 (94,70%) -- Ticket Income 60 608 $
Level 4 -- Attendance: 3582 (89,55%) -- Ticket Income 78 804 $
Luxury Box -- Attendance: 890 (89,00%) -- Ticket Income 149 520 $
Game was played at the Rexall Place.
Total Attendance: 16298 (90,54%)
Total Ticket Income: 989 336 $
Other Income: 148 400 $
Total Income: 1 137 736 $

Rangers

5 vs 5 Forward 
   Center                   Left Wing                Right Wing               Time % Phy DF OF 
 1 Brad Richards            Milan Lucic              Johan Franzen            40     1   2  2  
 2 Patrice Bergeron         Mike Cammalleri          Drew Stafford            30     1   2  2  
 3 Radek Bonk               Chris Bourque            Matt Read                20     1   2  2  
 4 Valtteri Filppula        Igor Radulov             Jakob Silfverberg        10     1   2  2  

5 vs 5 Defense 
   Defense                  Defense                                           Time % Phy DF OF 
 1 Cam Barker               Mark Fistric                                      40     1   2  2  
 2 Ryan Whitney             Matt Greene                                       30     1   2  2  
 3 Alexei Emelin            Bryan Young                                       20     1   2  2  
 4 Cam Barker               Mark Fistric                                      10     1   2  2  

PowerPlay Forward 
   Center                   Left Wing                Right Wing               Time % Phy DF OF 
 1 Brad Richards            Milan Lucic              Johan Franzen            60     1   2  2  
 2 Patrice Bergeron         Mike Cammalleri          Drew Stafford            40     1   2  2  

PowerPlay Defense
   Defense                  Defense                                           Time % Phy DF OF 
 1 Cam Barker               Mark Fistric                                      60     1   2  2  
 2 Ryan Whitney             Matt Greene                                       40     1   2  2  

Penalty Kill 4 Players Forward 
   Center                   Wing                     Time % Phy DF OF 
 1 Milan Lucic              Brad Richards            60     1   2  2  
 2 Patrice Bergeron         Johan Franzen            40     1   2  2  

Penalty Kill 4 Players Defense
   Defense                  Defense                  Time % Phy DF OF 
 1 Cam Barker               Mark Fistric             60     1   2  2  
 2 Ryan Whitney             Matt Greene              40     1   2  2  

Penalty Kill - 3 Players Forward 
   Forward                                           Time % Phy DF OF 
 1 Milan Lucic                                       60     1   2  2  
 2 Brad Richards                                     40     1   2  2  

Penalty Kill - 3 Players Defense
   Defense                  Defense                  Time % Phy DF OF 
 1 Cam Barker               Mark Fistric             60     1   2  2  
 2 Ryan Whitney             Matt Greene              40     1   2  2  

4 vs 4 Forward 
   Center                   Wing                     Time % Phy DF OF 
 1 Milan Lucic              Brad Richards            60     1   2  2  
 2 Patrice Bergeron         Johan Franzen            40     1   2  2  

4 vs 4 Defense
   Defense                  Defense                  Time % Phy DF OF 
 1 Cam Barker               Mark Fistric             60     1   2  2  
 2 Ryan Whitney             Matt Greene              40     1   2  2  

Last Minutes Offensive
   Center                   Left Wing                Right Wing               Defense                  Defense                  
   Brad Richards            Milan Lucic              Johan Franzen            Cam Barker               Mark Fistric             

Last Minutes Defensive
   Center                   Left Wing                Right Wing               Defense                  Defense                  
   Brad Richards            Milan Lucic              Johan Franzen            Cam Barker               Mark Fistric             

Goaltenders
Starting : Hannu Toivonen           
Backup : Henrik Lundqvist         

Extra Forwards
Normal : Matt Read, Radek Bonk, Valtteri Filppula - PP : Matt Read, Radek Bonk - PK : Valtteri Filppula
Extra Defensemen
Normal : Alexei Emelin, Bryan Young, Ryan Whitney - PP : Alexei Emelin - PK : Bryan Young, Ryan Whitney
Penalty Shots
Milan Lucic, Brad Richards, Patrice Bergeron, Johan Franzen, Mike Cammalleri

Oilers

5 vs 5 Forward 
   Center                   Left Wing                Right Wing               Time % Phy DF OF 
 1 Jonathan Toews           Ilya Kovalchuk           Patrick Kane             40     1   2  2  
 2 Paul Stastny             Tomas Fleischmann        Ted Purcell              30     1   2  2  
 3 Peter Regin              Oleg Saprykin            Patrick Kaleta           20     1   2  2  
 4 Brian Sutherby           Ilya Kovalchuk           Wayne Simmonds           10     1   2  2  

5 vs 5 Defense 
   Defense                  Defense                                           Time % Phy DF OF 
 1 Ian White                Danny Richmond                                    40     1   2  2  
 2 Kurt Sauer               Rob Scuderi                                       30     1   2  2  
 3 David Hale               Brett Lebda                                       20     1   2  2  
 4 Zach Bogosian            Ian White                                         10     1   2  2  

PowerPlay Forward 
   Center                   Left Wing                Right Wing               Time % Phy DF OF 
 1 Jonathan Toews           Ilya Kovalchuk           Patrick Kane             60     1   2  2  
 2 Paul Stastny             Tomas Fleischmann        Ted Purcell              40     1   2  2  

PowerPlay Defense
   Defense                  Defense                                           Time % Phy DF OF 
 1 Ian White                Danny Richmond                                    60     1   2  2  
 2 Kurt Sauer               Rob Scuderi                                       40     1   2  2  

Penalty Kill 4 Players Forward 
   Center                   Wing                     Time % Phy DF OF 
 1 Ilya Kovalchuk           Patrick Kane             60     1   2  2  
 2 Jonathan Toews           Ted Purcell              40     1   2  2  

Penalty Kill 4 Players Defense
   Defense                  Defense                  Time % Phy DF OF 
 1 Ian White                Danny Richmond           60     1   2  2  
 2 Kurt Sauer               Rob Scuderi              40     1   2  2  

Penalty Kill - 3 Players Forward 
   Forward                                           Time % Phy DF OF 
 1 Ilya Kovalchuk                                    60     1   2  2  
 2 Patrick Kane                                      40     1   2  2  

Penalty Kill - 3 Players Defense
   Defense                  Defense                  Time % Phy DF OF 
 1 Ian White                Danny Richmond           60     1   2  2  
 2 Kurt Sauer               Rob Scuderi              40     1   2  2  

4 vs 4 Forward 
   Center                   Wing                     Time % Phy DF OF 
 1 Ilya Kovalchuk           Patrick Kane             60     1   2  2  
 2 Jonathan Toews           Ted Purcell              40     1   2  2  

4 vs 4 Defense
   Defense                  Defense                  Time % Phy DF OF 
 1 Ian White                Danny Richmond           60     1   2  2  
 2 Kurt Sauer               Rob Scuderi              40     1   2  2  

Last Minutes Offensive
   Center                   Left Wing                Right Wing               Defense                  Defense                  
   Jonathan Toews           Ilya Kovalchuk           Patrick Kane             Ian White                Danny Richmond           

Last Minutes Defensive
   Center                   Left Wing                Right Wing               Defense                  Defense                  
   Jonathan Toews           Ilya Kovalchuk           Patrick Kane             Ian White                Danny Richmond           

Goaltenders
Starting : Cam Ward                 
Backup : Sebastien Caron          

Extra Forwards
Normal : Oleg Saprykin, Patrick Kaleta, Peter Regin - PP : Oleg Saprykin, Patrick Kaleta - PK : Peter Regin
Extra Defensemen
Normal : David Hale, Brett Lebda, Zach Bogosian - PP : David Hale - PK : Brett Lebda, Zach Bogosian
Penalty Shots
Ilya Kovalchuk, Patrick Kane, Jonathan Toews, Ted Purcell, Tomas Fleischmann

% Time on Ice - Rangers

Lines # - Real PCT - Wanted PCT - Time Play
Normal Forward
1 - 38% - 40% - 17:01
2 - 28% - 30% - 12:39
3 - 20% - 20% - 9:08
4 - 14% - 10% - 6:08
Normal Defense
1 - 40% - 40% - 18:03
2 - 37% - 30% - 16:36
3 - 22% - 20% - 9:58
4 - 1% - 10% - 0:19
PP Forward
1 - 47% - 60% - 2:51
2 - 53% - 40% - 3:11
PP Defense
1 - 60% - 60% - 3:39
2 - 40% - 40% - 2:23
PK Forward
1 - 80% - 60% - 6:06
2 - 20% - 40% - 1:34
PK Defense
1 - 66% - 60% - 5:03
2 - 34% - 40% - 2:37
PK3 Forward
1 - 100% - 60% - 0:08
2 - 0% - 40% - 0:00
PK3 Defense
1 - 100% - 60% - 0:08
2 - 0% - 40% - 0:00
44 Forward
1 - 0% - 60%
2 - 0% - 40%
44 Defense
1 - 0% - 60%
2 - 0% - 40%
Last Minute Offensive  - 0:00
Last Minute Defensive  - 1:14
Total
Forward - 60:00
Defense - 60:00

% Time on Ice - Oilers

Lines # - Real PCT - Wanted PCT - Time Play
Normal Forward
1 - 30% - 40% - 13:28
2 - 30% - 30% - 13:36
3 - 30% - 20% - 13:17
4 - 10% - 10% - 4:34
Normal Defense
1 - 40% - 40% - 18:04
2 - 34% - 30% - 15:13
3 - 22% - 20% - 9:56
4 - 4% - 10% - 1:42
PP Forward
1 - 60% - 60% - 4:40
2 - 40% - 40% - 3:08
PP Defense
1 - 62% - 60% - 4:52
2 - 38% - 40% - 2:56
PK Forward
1 - 72% - 60% - 4:20
2 - 28% - 40% - 1:42
PK Defense
1 - 63% - 60% - 3:47
2 - 37% - 40% - 2:15
PK3 Forward
1 - 0% - 60%
2 - 0% - 40%
PK3 Defense
1 - 0% - 60%
2 - 0% - 40%
44 Forward
1 - 0% - 60%
2 - 0% - 40%
44 Defense
1 - 0% - 60%
2 - 0% - 40%
Last Minute Offensive  - 1:15
Last Minute Defensive  - 0:00
Total
Forward - 60:00
Defense - 60:00

Play by Play

1st period


0:01 of 1st period - Brad Richards wins face-off versus Jonathan Toews in neutral zone.
0:04 of 1st period - Danny Richmond is hit by Milan Lucic and loses puck.
1:37 of 1st period - Matt Greene is hit by Jonathan Toews and loses puck.
1:58 of 1st period - Snap shot by Drew Stafford.
1:58 of 1st period - Stopped by Cam Ward without a rebound.
1:59 of 1st period - Paul Stastny wins face-off versus Radek Bonk in Oilers zone.
1:59 of 1st period - Paul Stastny is hit by Cam Barker.
2:11 of 1st period - Snap shot by Tomas Fleischmann.
2:11 of 1st period - Stopped by Hannu Toivonen with a rebound.
2:13 of 1st period - Slapshot by Tomas Fleischmann.
2:13 of 1st period - Shot Blocked by Mark Fistric.
3:01 of 1st period - Minor Penalty to Patrick Kaleta for High sticking.
3:02 of 1st period - Brad Richards wins face-off versus Ilya Kovalchuk in Oilers zone.
3:16 of 1st period - Snap shot by Milan Lucic.
3:16 of 1st period - Shot Misses the Net.
3:18 of 1st period - Snap shot by Johan Franzen.
3:18 of 1st period - Stopped by Cam Ward with a rebound.
5:01 of 1st period - Penalty to Patrick Kaleta is over, Patrick Kaleta is back on ice.
6:22 of 1st period - Icing by Ilya Kovalchuk.
6:23 of 1st period - Tomas Fleischmann wins face-off versus Patrice Bergeron in Oilers zone.
6:44 of 1st period - David Hale is hit by Radek Bonk and loses puck.
7:31 of 1st period - Backhand shot by Patrick Kaleta.
7:31 of 1st period - Shot Misses the Net.
7:37 of 1st period - Slapshot by Peter Regin.
7:37 of 1st period - Stopped by Hannu Toivonen without a rebound.
7:38 of 1st period - Ilya Kovalchuk wins face-off versus Brad Richards in Rangers zone.
7:45 of 1st period - Wrist shot by Patrick Kane.
7:45 of 1st period - Stopped by Hannu Toivonen without a rebound.
7:46 of 1st period - Brad Richards wins face-off versus Jonathan Toews in Rangers zone.
8:55 of 1st period - Zach Bogosian is hit by Johan Franzen and loses puck.
9:08 of 1st period - Matt Greene is hit by Oleg Saprykin.
9:30 of 1st period - Wrist shot by Drew Stafford.
9:30 of 1st period - Shot Misses the Net.
9:48 of 1st period - Paul Stastny is hit by Milan Lucic and loses puck.
9:55 of 1st period - Slapshot by Milan Lucic.
9:55 of 1st period - Stopped by Cam Ward with a rebound.
10:05 of 1st period - Matt Read is hit by Oleg Saprykin and loses puck.
10:10 of 1st period - Slapshot by Patrick Kaleta.
10:10 of 1st period - Shot Misses the Net.
10:16 of 1st period - Snap shot by Peter Regin.
10:16 of 1st period - Shot Misses the Net.
10:48 of 1st period - Slapshot by Patrice Bergeron.
10:48 of 1st period - Stopped by Cam Ward without a rebound.
10:49 of 1st period - Patrice Bergeron wins face-off versus Peter Regin in Oilers zone.
11:07 of 1st period - Patrice Bergeron is hit by Patrick Kaleta and loses puck.
11:59 of 1st period - Ian White is hit by Radek Bonk and loses puck.
12:24 of 1st period - Danny Richmond is hit by Mike Cammalleri and loses puck.
12:34 of 1st period - Minor Penalty to Mike Cammalleri for Holding.
12:35 of 1st period - Milan Lucic wins face-off versus Jonathan Toews in Rangers zone.
12:44 of 1st period - Wrist shot by Brad Richards.
12:44 of 1st period - Shot Misses the Net.
12:46 of 1st period - Slapshot by Cam Barker.
12:46 of 1st period - Shot Blocked by Jonathan Toews.
12:48 of 1st period - Wrist shot by Milan Lucic.
12:48 of 1st period - Shot Blocked by Ilya Kovalchuk.
12:50 of 1st period - Slapshot by Mark Fistric.
12:50 of 1st period - Stopped by Cam Ward with a rebound.
13:48 of 1st period - Ian White is hit by Chris Bourque and loses puck.
14:34 of 1st period - Penalty to Mike Cammalleri is over, Mike Cammalleri is back on ice.
14:42 of 1st period - Slapshot by Mike Cammalleri.
14:42 of 1st period - Stopped by Cam Ward with a rebound.
14:52 of 1st period - Bryan Young is hit by Peter Regin and loses puck.
15:38 of 1st period - Icing by Mark Fistric.
15:39 of 1st period - Paul Stastny wins face-off versus Patrice Bergeron in Rangers zone.
15:40 of 1st period - Snap shot by Ted Purcell.
15:40 of 1st period - Deflect By Paul Stastny.
15:40 of 1st period - Shot Misses the Net.
15:40 of 1st period - Puck is out of play.
15:41 of 1st period - Paul Stastny wins face-off versus Patrice Bergeron in Rangers zone.
15:44 of 1st period - Snap shot by Ted Purcell.
15:44 of 1st period - Shot Misses the Net.
15:54 of 1st period - Drew Stafford is hit by Tomas Fleischmann and loses puck.
16:40 of 1st period - Slapshot by Ryan Whitney.
16:40 of 1st period - Stopped by Cam Ward with a rebound.
16:42 of 1st period - Snap shot by Matt Greene.
16:42 of 1st period - Shot Misses the Net.
17:18 of 1st period - Off-side.
17:19 of 1st period - Tomas Fleischmann wins face-off versus Brad Richards in neutral zone.
17:27 of 1st period - Wrist shot by Ted Purcell.
17:27 of 1st period - Shot Misses the Net.
17:29 of 1st period - Snap shot by Ted Purcell.
17:29 of 1st period - Stopped by Hannu Toivonen without a rebound.
17:30 of 1st period - Jonathan Toews wins face-off versus Brad Richards in Rangers zone.
17:53 of 1st period - Minor Penalty to Mark Fistric for Slashing.
17:54 of 1st period - Milan Lucic wins face-off versus Jonathan Toews in Rangers zone.
19:53 of 1st period - Penalty to Mark Fistric is over, Mark Fistric is back on ice.
Goals for this period are 0 for Rangers vs 0 for Oilers.
Shots for this period are 7 for Rangers vs 4 for Oilers.

2nd period


0:01 of 2nd period - Brad Richards wins face-off versus Jonathan Toews in neutral zone.
0:34 of 2nd period - Wrist shot by Drew Stafford.
0:34 of 2nd period - Stopped by Cam Ward without a rebound.
0:35 of 2nd period - Jonathan Toews wins face-off versus Drew Stafford in Oilers zone.
1:22 of 2nd period - Brad Richards is hit by Ian White and loses puck.
1:46 of 2nd period - Minor Penalty to Wayne Simmonds for Hooking.
1:47 of 2nd period - Drew Stafford wins face-off versus Ilya Kovalchuk in Oilers zone.
1:51 of 2nd period - Snap shot by Drew Stafford.
1:51 of 2nd period - Goal by Drew Stafford - Rangers : 1 - Oilers : 0.
1:52 of 2nd period - Brad Richards wins face-off versus Jonathan Toews in neutral zone.
3:00 of 2nd period - Wrist shot by Patrice Bergeron.
3:00 of 2nd period - Stopped by Cam Ward without a rebound.
3:01 of 2nd period - Johan Franzen wins face-off versus Jonathan Toews in Oilers zone.
3:12 of 2nd period - Snap shot by Brad Richards.
3:12 of 2nd period - Stopped by Cam Ward with a rebound.
3:26 of 2nd period - Kurt Sauer is hit by Radek Bonk.
3:52 of 2nd period - Wrist shot by Valtteri Filppula.
3:52 of 2nd period - Goal by Valtteri Filppula - Rangers : 2 - Oilers : 0.
3:53 of 2nd period - Brad Richards wins face-off versus Jonathan Toews in neutral zone.
3:55 of 2nd period - Mark Fistric is hit by Danny Richmond.
3:59 of 2nd period - Wrist shot by Milan Lucic.
3:59 of 2nd period - Shot Misses the Net.
4:01 of 2nd period - Snap shot by Milan Lucic.
4:01 of 2nd period - Stopped by Cam Ward with a rebound.
4:03 of 2nd period - Backhand shot by Mark Fistric.
4:03 of 2nd period - Shot Misses the Net.
4:05 of 2nd period - Wrist shot by Milan Lucic.
4:05 of 2nd period - Shot Blocked by Ian White.
4:07 of 2nd period - Slapshot by Cam Barker.
4:07 of 2nd period - Shot Blocked by Danny Richmond.
4:15 of 2nd period - Minor Penalty to Danny Richmond for Tripping.
4:16 of 2nd period - Ilya Kovalchuk wins face-off versus Brad Richards in Oilers zone.
6:15 of 2nd period - Penalty to Danny Richmond is over, Danny Richmond is back on ice.
6:22 of 2nd period - Slapshot by Matt Read.
6:22 of 2nd period - Shot Misses the Net.
6:24 of 2nd period - Snap shot by Radek Bonk.
6:24 of 2nd period - Shot Misses the Net.
6:26 of 2nd period - Slapshot by Bryan Young.
6:26 of 2nd period - Deflect By Zach Bogosian.
6:26 of 2nd period - Stopped by Cam Ward with a rebound.
6:28 of 2nd period - Snap shot by Alexei Emelin.
6:28 of 2nd period - Shot Misses the Net.
6:30 of 2nd period - Slapshot by Bryan Young.
6:30 of 2nd period - Shot Misses the Net.
6:47 of 2nd period - Wrist shot by Wayne Simmonds.
6:47 of 2nd period - Stopped by Hannu Toivonen without a rebound.
6:48 of 2nd period - Brian Sutherby wins face-off versus Jakob Silfverberg in Rangers zone.
6:51 of 2nd period - Snap shot by Ilya Kovalchuk.
6:51 of 2nd period - Shot Hit the Post.
7:03 of 2nd period - Snap shot by Valtteri Filppula.
7:03 of 2nd period - Shot Blocked by Wayne Simmonds.
7:09 of 2nd period - Snap shot by Valtteri Filppula.
7:09 of 2nd period - Goal by Valtteri Filppula - Rangers : 3 - Oilers : 0.
7:10 of 2nd period - Jonathan Toews wins face-off versus Brad Richards in neutral zone.
7:46 of 2nd period - Rob Scuderi is hit by Mike Cammalleri and loses puck.
8:23 of 2nd period - Snap shot by Ilya Kovalchuk.
8:23 of 2nd period - Shot Misses the Net.
8:25 of 2nd period - Slapshot by Danny Richmond.
8:25 of 2nd period - Shot Misses the Net.
8:27 of 2nd period - Slapshot by Ian White.
8:27 of 2nd period - Stopped by Hannu Toivonen without a rebound.
8:28 of 2nd period - Brad Richards wins face-off versus Paul Stastny in Rangers zone.
8:30 of 2nd period - Minor Penalty to Milan Lucic for Interference.
8:31 of 2nd period - Jonathan Toews wins face-off versus Valtteri Filppula in Rangers zone.
8:57 of 2nd period - Brad Richards is hit by Ian White and loses puck.
9:06 of 2nd period - Wrist shot by Ted Purcell.
9:06 of 2nd period - Shot Misses the Net.
9:08 of 2nd period - Snap shot by Paul Stastny.
9:08 of 2nd period - Shot Misses the Net.
9:10 of 2nd period - Slapshot by Kurt Sauer.
9:10 of 2nd period - Stopped by Hannu Toivonen without a rebound.
9:11 of 2nd period - Patrick Kane wins face-off versus Valtteri Filppula in Rangers zone.
9:14 of 2nd period - Snap shot by Patrick Kane.
9:14 of 2nd period - Stopped by Hannu Toivonen without a rebound.
9:15 of 2nd period - Valtteri Filppula wins face-off versus Jonathan Toews in Rangers zone.
9:15 of 2nd period - Valtteri Filppula is hit by Ilya Kovalchuk.
9:21 of 2nd period - Wrist shot by Ryan Whitney.
9:21 of 2nd period - Stopped by Cam Ward without a rebound.
9:22 of 2nd period - Valtteri Filppula wins face-off versus Jonathan Toews in Oilers zone.
9:25 of 2nd period - Slapshot by Cam Barker.
9:25 of 2nd period - Deflect By Patrick Kane.
9:25 of 2nd period - Stopped by Cam Ward with a rebound.
9:27 of 2nd period - Slapshot by Mark Fistric.
9:27 of 2nd period - Stopped by Cam Ward without a rebound.
9:28 of 2nd period - Brad Richards wins face-off versus Jonathan Toews in Oilers zone.
9:31 of 2nd period - Wrist shot by Valtteri Filppula.
9:31 of 2nd period - Shot Blocked by Ian White.
9:33 of 2nd period - Slapshot by Mark Fistric.
9:33 of 2nd period - Stopped by Cam Ward with a rebound.
9:35 of 2nd period - Slapshot by Mark Fistric.
9:35 of 2nd period - Stopped by Cam Ward without a rebound.
9:36 of 2nd period - Valtteri Filppula wins face-off versus Jonathan Toews in Oilers zone.
9:50 of 2nd period - Off-side.
9:51 of 2nd period - Valtteri Filppula wins face-off versus Jonathan Toews in neutral zone.
9:56 of 2nd period - Slapshot by Cam Barker.
9:56 of 2nd period - Deflect By Patrick Kane.
9:56 of 2nd period - Stopped by Cam Ward without a rebound.
9:57 of 2nd period - Valtteri Filppula wins face-off versus Jonathan Toews in Oilers zone.
10:00 of 2nd period - Snap shot by Valtteri Filppula.
10:00 of 2nd period - Goal by Valtteri Filppula - Rangers : 4 - Oilers : 0.
10:01 of 2nd period - Valtteri Filppula wins face-off versus Jonathan Toews in neutral zone.
10:04 of 2nd period - Slapshot by Cam Barker.
10:04 of 2nd period - Deflect By Ian White.
10:04 of 2nd period - Stopped by Cam Ward without a rebound.
10:05 of 2nd period - Jonathan Toews wins face-off versus Valtteri Filppula in Oilers zone.
10:21 of 2nd period - Minor Penalty to Brad Richards for Tripping.
10:22 of 2nd period - Jonathan Toews wins face-off versus Valtteri Filppula in Rangers zone.
10:30 of 2nd period - Penalty to Milan Lucic is over, Milan Lucic is back on ice.
10:32 of 2nd period - Snap shot by Patrick Kane.
10:32 of 2nd period - Stopped by Hannu Toivonen with a rebound.
10:34 of 2nd period - Slapshot by Danny Richmond.
10:34 of 2nd period - Shot Misses the Net.
10:38 of 2nd period - Snap shot by Ilya Kovalchuk.
10:38 of 2nd period - Shot Blocked by Mark Fistric.
10:48 of 2nd period - Backhand shot by Cam Barker.
10:48 of 2nd period - Stopped by Cam Ward without a rebound.
10:49 of 2nd period - Paul Stastny wins face-off versus Chris Bourque in Oilers zone.
11:23 of 2nd period - Patrice Bergeron is hit by Ilya Kovalchuk and loses puck.
11:54 of 2nd period - Johan Franzen is hit by Ted Purcell.
12:21 of 2nd period - Penalty to Brad Richards is over, Brad Richards is back on ice.
12:26 of 2nd period - Chris Bourque is hit by Patrick Kaleta and loses puck.
12:33 of 2nd period - Snap shot by Valtteri Filppula.
12:33 of 2nd period - Stopped by Cam Ward with a rebound.
12:41 of 2nd period - Slapshot by Ryan Whitney.
12:41 of 2nd period - Stopped by Cam Ward with a rebound.
12:43 of 2nd period - Slapshot by Ryan Whitney.
12:43 of 2nd period - Shot Misses the Net.
13:52 of 2nd period - Wrist shot by Brad Richards.
13:52 of 2nd period - Shot Misses the Net.
13:54 of 2nd period - Snap shot by Chris Bourque.
13:54 of 2nd period - Shot Misses the Net.
14:02 of 2nd period - Snap shot by Peter Regin.
14:02 of 2nd period - Stopped by Hannu Toivonen with a rebound.
14:12 of 2nd period - Slapshot by Ryan Whitney.
14:12 of 2nd period - Stopped by Cam Ward with a rebound.
14:39 of 2nd period - Snap shot by Peter Regin.
14:39 of 2nd period - Shot Blocked by Matt Greene.
14:51 of 2nd period - Snap shot by Chris Bourque.
14:51 of 2nd period - Shot Blocked by Kurt Sauer.
16:28 of 2nd period - Icing by Ryan Whitney.
16:29 of 2nd period - Jonathan Toews wins face-off versus Valtteri Filppula in Rangers zone.
16:36 of 2nd period - Snap shot by Patrick Kane.
16:36 of 2nd period - Stopped by Hannu Toivonen without a rebound.
16:37 of 2nd period - Jonathan Toews wins face-off versus Patrice Bergeron in Rangers zone.
16:46 of 2nd period - Snap shot by Patrick Kane.
16:46 of 2nd period - Shot Misses the Net.
16:48 of 2nd period - Slapshot by Danny Richmond.
16:48 of 2nd period - Stopped by Hannu Toivonen without a rebound.
16:49 of 2nd period - Patrice Bergeron wins face-off versus Jonathan Toews in Rangers zone.
16:56 of 2nd period - Off-side.
16:57 of 2nd period - Patrice Bergeron wins face-off versus Jonathan Toews in neutral zone.
17:00 of 2nd period - Slapshot by Mark Fistric.
17:00 of 2nd period - Stopped by Cam Ward with a rebound.
17:02 of 2nd period - Slapshot by Cam Barker.
17:02 of 2nd period - Stopped by Cam Ward with a rebound.
17:04 of 2nd period - Wrist shot by Mike Cammalleri.
17:04 of 2nd period - Shot Misses the Net.
17:10 of 2nd period - Wrist shot by Patrice Bergeron.
17:10 of 2nd period - Shot Misses the Net.
17:12 of 2nd period - Slapshot by Cam Barker.
17:12 of 2nd period - Stopped by Cam Ward with a rebound.
17:34 of 2nd period - Wrist shot by Paul Stastny.
17:34 of 2nd period - Deflect By Ted Purcell.
17:34 of 2nd period - Shot Misses the Net.
17:34 of 2nd period - Puck is out of play.
17:35 of 2nd period - Patrice Bergeron wins face-off versus Jonathan Toews in Rangers zone.
17:50 of 2nd period - Slapshot by Ted Purcell.
17:50 of 2nd period - Goal by Ted Purcell - Rangers : 4 - Oilers : 1.
17:51 of 2nd period - Patrice Bergeron wins face-off versus Jonathan Toews in neutral zone.
18:50 of 2nd period - Snap shot by Johan Franzen.
18:50 of 2nd period - Shot Misses the Net.
18:52 of 2nd period - Slapshot by Johan Franzen.
18:52 of 2nd period - Stopped by Cam Ward with a rebound.
18:54 of 2nd period - Wrist shot by Bryan Young.
18:54 of 2nd period - Deflect By Milan Lucic.
18:54 of 2nd period - Shot Misses the Net.
18:54 of 2nd period - Puck is out of play.
18:55 of 2nd period - Patrice Bergeron wins face-off versus Paul Stastny in Oilers zone.
19:08 of 2nd period - Snap shot by Paul Stastny.
19:08 of 2nd period - Shot Blocked by Drew Stafford.
19:10 of 2nd period - Snap shot by Ted Purcell.
19:10 of 2nd period - Stopped by Hannu Toivonen without a rebound.
19:11 of 2nd period - Patrice Bergeron wins face-off versus Tomas Fleischmann in Rangers zone.
Goals for this period are 4 for Rangers vs 1 for Oilers.
Shots for this period are 24 for Rangers vs 10 for Oilers.

3rd period


0:01 of 3rd period - Patrice Bergeron wins face-off versus Jonathan Toews in neutral zone.
0:11 of 3rd period - Backhand shot by Danny Richmond.
0:11 of 3rd period - Stopped by Hannu Toivonen without a rebound.
0:12 of 3rd period - Jonathan Toews wins face-off versus Patrice Bergeron in Rangers zone.
0:15 of 3rd period - Wrist shot by Ilya Kovalchuk.
0:15 of 3rd period - Stopped by Hannu Toivonen without a rebound.
0:16 of 3rd period - Jonathan Toews wins face-off versus Patrice Bergeron in Rangers zone.
0:32 of 3rd period - Icing by Danny Richmond.
0:33 of 3rd period - Brad Richards wins face-off versus Jonathan Toews in Oilers zone.
0:34 of 3rd period - Wrist shot by Milan Lucic.
0:34 of 3rd period - Stopped by Cam Ward without a rebound.
0:35 of 3rd period - Jonathan Toews wins face-off versus Brad Richards in Oilers zone.
0:39 of 3rd period - Off-side.
0:40 of 3rd period - Brad Richards wins face-off versus Jonathan Toews in neutral zone.
1:08 of 3rd period - Danny Richmond is hit by Drew Stafford and loses puck.
1:33 of 3rd period - Snap shot by Jakob Silfverberg.
1:33 of 3rd period - Shot Misses the Net.
1:35 of 3rd period - Minor Penalty to Oleg Saprykin for Tripping.
1:36 of 3rd period - Ilya Kovalchuk wins face-off versus Brad Richards in Oilers zone.
1:49 of 3rd period - Wrist shot by Brad Richards.
1:49 of 3rd period - Deflect By Milan Lucic.
1:49 of 3rd period - Stopped by Cam Ward with a rebound.
1:51 of 3rd period - Wrist shot by Milan Lucic.
1:51 of 3rd period - Shot Misses the Net.
3:35 of 3rd period - Penalty to Oleg Saprykin is over, Oleg Saprykin is back on ice.
4:07 of 3rd period - Slapshot by Jakob Silfverberg.
4:07 of 3rd period - Stopped by Cam Ward with a rebound.
4:09 of 3rd period - Wrist shot by Valtteri Filppula.
4:09 of 3rd period - Stopped by Cam Ward with a rebound.
4:11 of 3rd period - Snap shot by Igor Radulov.
4:11 of 3rd period - Stopped by Cam Ward without a rebound.
4:12 of 3rd period - Valtteri Filppula wins face-off versus Paul Stastny in Oilers zone.
4:17 of 3rd period - Snap shot by Jakob Silfverberg.
4:17 of 3rd period - Shot Misses the Net.
4:19 of 3rd period - Slapshot by Bryan Young.
4:19 of 3rd period - Shot Blocked by Rob Scuderi.
4:21 of 3rd period - Slapshot by Bryan Young.
4:21 of 3rd period - Shot Blocked by Tomas Fleischmann.
4:23 of 3rd period - Snap shot by Valtteri Filppula.
4:23 of 3rd period - Stopped by Cam Ward without a rebound.
4:24 of 3rd period - Jonathan Toews wins face-off versus Brad Richards in Oilers zone.
4:49 of 3rd period - Alexei Emelin is hit by Tomas Fleischmann and loses puck.
5:22 of 3rd period - Backhand shot by Peter Regin.
5:22 of 3rd period - Stopped by Hannu Toivonen without a rebound.
5:23 of 3rd period - Jonathan Toews wins face-off versus Brad Richards in Rangers zone.
5:36 of 3rd period - Wrist shot by Ilya Kovalchuk.
5:36 of 3rd period - Stopped by Hannu Toivonen without a rebound.
5:37 of 3rd period - Jonathan Toews wins face-off versus Drew Stafford in Rangers zone.
5:38 of 3rd period - Wrist shot by Patrick Kane.
5:38 of 3rd period - Shot Misses the Net.
5:54 of 3rd period - Wrist shot by Ilya Kovalchuk.
5:54 of 3rd period - Shot Blocked by Mark Fistric.
6:08 of 3rd period - Snap shot by Paul Stastny.
6:08 of 3rd period - Shot Misses the Net.
6:36 of 3rd period - Slapshot by Peter Regin.
6:36 of 3rd period - Shot Misses the Net.
8:14 of 3rd period - Patrick Kane is hit by Matt Greene.
8:40 of 3rd period - Ted Purcell is hit by Jakob Silfverberg.
9:02 of 3rd period - Snap shot by Patrice Bergeron.
9:02 of 3rd period - Deflect By Brian Sutherby.
9:02 of 3rd period - Shot Misses the Net.
9:02 of 3rd period - Puck is out of play.
9:03 of 3rd period - Patrice Bergeron wins face-off versus Brian Sutherby in Oilers zone.
9:20 of 3rd period - Snap shot by Paul Stastny.
9:20 of 3rd period - Stopped by Hannu Toivonen without a rebound.
9:21 of 3rd period - Tomas Fleischmann wins face-off versus Brad Richards in Rangers zone.
9:27 of 3rd period - Icing by Johan Franzen.
9:28 of 3rd period - Jonathan Toews wins face-off versus Brad Richards in Rangers zone.
9:35 of 3rd period - Slapshot by Patrick Kane.
9:35 of 3rd period - Shot Blocked by Mark Fistric.
9:37 of 3rd period - Wrist shot by Jonathan Toews.
9:37 of 3rd period - Goal by Jonathan Toews - Rangers : 4 - Oilers : 2.
9:38 of 3rd period - Brad Richards wins face-off versus Jonathan Toews in neutral zone.
10:25 of 3rd period - Slapshot by Chris Bourque.
10:25 of 3rd period - Shot Blocked by Danny Richmond.
10:40 of 3rd period - Icing by Oleg Saprykin.
10:41 of 3rd period - Brian Sutherby wins face-off versus Valtteri Filppula in Oilers zone.
12:07 of 3rd period - Icing by Cam Barker.
12:08 of 3rd period - Valtteri Filppula wins face-off versus Brian Sutherby in Rangers zone.
12:19 of 3rd period - Wrist shot by Wayne Simmonds.
12:19 of 3rd period - Stopped by Hannu Toivonen without a rebound.
12:20 of 3rd period - Ted Purcell wins face-off versus Brad Richards in Rangers zone.
12:23 of 3rd period - Wrist shot by Paul Stastny.
12:23 of 3rd period - Stopped by Hannu Toivonen without a rebound.
12:24 of 3rd period - Paul Stastny wins face-off versus Brad Richards in Rangers zone.
12:27 of 3rd period - Wrist shot by Tomas Fleischmann.
12:27 of 3rd period - Goal by Tomas Fleischmann - Rangers : 4 - Oilers : 3.
12:28 of 3rd period - Jonathan Toews wins face-off versus Brad Richards in neutral zone.
12:41 of 3rd period - Snap shot by Brad Richards.
12:41 of 3rd period - Shot Hit the Post.
13:13 of 3rd period - Snap shot by Chris Bourque.
13:13 of 3rd period - Stopped by Cam Ward with a rebound.
13:15 of 3rd period - Slapshot by Alexei Emelin.
13:15 of 3rd period - Shot Misses the Net.
14:23 of 3rd period - Snap shot by Peter Regin.
14:23 of 3rd period - Shot Misses the Net.
14:25 of 3rd period - Snap shot by Patrick Kaleta.
14:25 of 3rd period - Stopped by Hannu Toivonen with a rebound.
14:27 of 3rd period - Snap shot by Patrick Kaleta.
14:27 of 3rd period - Stopped by Hannu Toivonen without a rebound.
14:28 of 3rd period - Patrice Bergeron wins face-off versus Jonathan Toews in Rangers zone.
14:33 of 3rd period - Ian White is hit by Mike Cammalleri and loses puck.
18:32 of 3rd period - Patrick Kaleta is hit by Matt Read and loses puck.
19:04 of 3rd period - Oilers, Cam Ward is pulled from the net.
19:14 of 3rd period - Slapshot by Patrick Kane.
19:14 of 3rd period - Stopped by Hannu Toivonen without a rebound.
19:15 of 3rd period - Todd McLellan call a timeout for Oilers.
19:15 of 3rd period - Jonathan Toews wins face-off versus Brad Richards in Rangers zone.
19:32 of 3rd period - Milan Lucic is hit by Ian White.
19:45 of 3rd period - Milan Lucic is hit by Danny Richmond and loses puck.
19:50 of 3rd period - Backhand shot by Jonathan Toews.
19:50 of 3rd period - Shot Misses the Net.
Goals for this period are 0 for Rangers vs 2 for Oilers.
Shots for this period are 7 for Rangers vs 12 for Oilers.